 Dungeon Crawl Stone Soup version 0.16.0 (webtiles) character file.

584 Fiveotanaka the Grappler (level 7, -2/66 HPs)
             Began as a Troll Monk on Mar 23, 2015.
             Slain by a killer bee (3 damage)
             ... on level 7 of the Dungeon.
             The game lasted 00:03:20 (776 turns).

Fiveotanaka the Grappler (Troll Monk)                Turns: 776, Time: 00:03:21

Health: -2/66      AC:  3    Str: 20    XL:     7   Next: 14%
Magic:  3/3        EV: 10    Int:  6    God:
Gold:   52         SH:  0    Dex: 14    Spells: 0 memorised, 6 levels left

rFire  . . .     SeeInvis .       - Unarmed
rCold  + . .     Clarity  .     a - +0 robe
rNeg   . . .     SustAb   .     (shield restricted)
rPois  .         Gourm    +     (helmet restricted)
rElec  .         Spirit   .     (no cloak)
rCorr  .         Warding  .     (gloves unavailable)
rMut   .         Stasis   .     (boots unavailable)
MR     .....                    (no amulet)
Stlth  ++........               l - -2 ring of protection (curse)
                                d - ring of protection from cold

@: lethally poisoned (-2 -> -7), not resistant to hostile enchantments,
unstealthy
A: unfitting armour, claws 3, fast metabolism 3, gourmand, regeneration 2,
shaggy fur 1, tough skin 2
a: no special abilities


You were on level 7 of the Dungeon.
You were very full.

You visited 1 branch of the dungeon, and saw 8 of its levels.

You collected 52 gold pieces.

Inventory:

Armour
 a - a +0 robe (worn)
Jewellery
 d - a ring of protection from cold (left claw)
 l - a cursed -2 ring of protection (right claw)
Magical devices
 h - a wand of confusion (14)
Scrolls
 c - 3 scrolls of remove curse {unknown}
 k - a scroll of immolation {unknown}
 m - 2 scrolls of identify {unknown}
 o - a scroll of teleportation {unknown}
Potions
 e - 2 potions of flight {unknown}
 i - a potion of lignification {unknown}
 j - a potion of restore abilities {unknown}
Books
 n - a book of Cantrips

   Spells                             Type                      Level
   a - Corona                         Hexes                        1
   b - Animate Skeleton               Necromancy                   1
   c - Summon Small Mammal            Summoning                    1
   d - Apportation                    Translocation                1
Comestibles
 b - 2 meat rations
 f - 2 bread rations
 g - a beef jerky


   Skills:
 - Level 2.4 Fighting
 - Level 2.4 Dodging
 - Level 1.1 Stealth
 + Level 8.7 Unarmed Combat


You had 6 spell levels left.
You didn't know any spells.

Dungeon Overview and Level Annotations

Branches:
Dungeon (8/15)             Temple (0/1) D:7
   Lair: D:8-11

Altars:
Ashenzari
Qazlal
Xom


Innate Abilities, Weirdness & Mutations

You are too large for most types of armour.
You have claws for hands.
Your metabolism is lightning-fast.
You like to eat raw meat.
You heal very quickly.
You are covered in fur (AC +1).
You have very tough skin (AC +2).


Message History

You are too injured to fight recklessly!
You are too injured to fight recklessly!
You claw the killer bee!!
The killer bee is almost dead.
* * * LOW HITPOINT WARNING * * *
You feel sick. The killer bee barely misses you. The kobold barely misses you.
You scratch the killer bee.
You kill the killer bee!
* * * LOW HITPOINT WARNING * * *
You feel sick. The kobold closely misses you.
The killer bee closely misses you.
You scratch the killer bee!
The killer bee is heavily wounded.
* * * LOW HITPOINT WARNING * * *
You feel sick. The killer bee closely misses you. The kobold barely misses you.
You closely miss the killer bee.
The killer bee is heavily wounded.
* * * LOW HITPOINT WARNING * * *
You feel sick. The killer bee stings you.
You die...

.........# #.#
.........# #.#
..[...... #.#
..###### #.# ###
#.# #.# #.# #K#
#@#
################y#
.................#
##################


You could see a killer bee and a kobold.

Vanquished Creatures
  A hippogriff (D:7)
  A big kobold (D:7)
  A killer bee (D:7)
  2 scorpions (D:7)
  A crimson imp (D:7)
  A giant frog skeleton (D:7)
  A jelly (D:5)
  An orc wizard (D:6)
  A worker ant (D:4)
  Robin (D:3)
  2 adders
  A giant gecko (D:7)
  5 orcs
  4 bats
  A bat skeleton (D:5)
  11 goblins
  6 hobgoblins
  3 jackals (D:7)
  11 kobolds
  A giant cockroach (D:3)
  2 giant newts
  2 rats
60 creatures vanquished.

Notes
Turn   | Place    | Note
--------------------------------------------------------------
     0 | D:1      | Fiveotanaka, the Troll Monk, began the quest for the Orb.
     0 | D:1      | Reached XP level 1. HP: 22/22 MP: 1/1
   116 | D:1      | Found a shattered altar of Ashenzari.
   180 | D:2      | Reached XP level 2. HP: 25/29 MP: 1/1
   240 | D:3      | Noticed Robin
   254 | D:3      | Reached skill level 5 in Unarmed Combat
   254 | D:3      | Reached XP level 3. HP: 29/36 MP: 2/2
   273 | D:3      | Killed Robin
   369 | D:4      | Reached XP level 4. HP: 44/44 MP: 2/2
   386 | D:5      | Entered Level 5 of the Dungeon
   426 | D:5      | Found a shimmering altar of Xom.
   435 | D:5      | Reached skill level 6 in Unarmed Combat
   492 | D:6      | Reached XP level 5. HP: 50/50 MP: 2/2
   527 | D:7      | Found a stormy altar of Qazlal.
   540 | D:7      | Reached skill level 7 in Unarmed Combat
   567 | D:7      | Reached XP level 6. HP: 51/59 MP: 3/3
   607 | D:7      | Noticed a hippogriff
   612 | D:7      | Killed a hippogriff
   612 | D:7      | Reached skill level 8 in Unarmed Combat
   614 | D:7      | Found a staircase to the Ecumenical Temple.
   727 | D:7      | Reached XP level 7. HP: 66/66 MP: 3/3
   773 | D:7      | HP: 3/66 [poisoned by a killer bee]
   775 | D:7      | HP: 1/66 [poisoned by a killer bee]
   776 | D:7      | Slain by a killer bee

Action                   |  1- 3 |  4- 6 |  7- 9 || total
-------------------------+-------+-------+-------++-------
Melee: Unarmed           |    68 |    65 |     7 ||   140
 Stab: Sleeping          |       |     2 |       ||     2
  Eat: Chunk             |     8 |     3 |       ||    11
